 Dungeon Crawl Stone Soup version 0.30.0-3-ga4e48a9924 (webtiles) character file.

Game seed: 16781175052053764208

35574 browni3141 the Gelid (level 13, -3/96 HPs)
             Began as a Ghoul Conjurer on May 7, 2023.
             Was an Elder of Hepliaklqana.
             Slain by an elephant (14 damage)
             ... on level 5 of the Lair of Beasts.
             The game lasted 00:45:06 (23667 turns).

browni3141 the Gelid (Ghoul Conjurer)              Turns: 23667, Time: 00:45:07

Health: -3/96      AC: 16    Str: 12    XL:     13   Next: 84%
Magic:  13/19      EV: 11    Int: 31    God:    Hepliaklqana [****..]
Gold:   1897       SH:  5    Dex: 10    Spells: 1/21 levels left

rFire   + +          +
                       - Unarmed
rCold   + + .        W - +0 buckler
rNeg    + + +        y - +0 robe of Ycze {rC+ Int+2 Dex+3}
rPois   ∞            (no helmet)
rElec   .            e - +2 cloak
rCorr   .            (no gloves)
SInv    .            (no boots)
Will    .....        (no amulet)
Stlth   ++           B - ring "Laicaq" {+Blink rF+++ Int+6 Slay+4}
HPRegen 0.00/turn    A - +6 ring of intelligence
MPRegen 0.16/turn

%: no passive effects
@: ice-armoured, freezing walls, inhibited regen
A: reduced essence, claws 1, cold resistance 1, negative energy resistance 3,
inhibited regeneration, torment resistance 2, devour on kill
a: Renounce Religion, Evoke Blink, Recall Ancestor, Ancestor Identity,
Transference, Idealise


You were on level 5 of the Lair of Beasts.
You worshipped Hepliaklqana.
Hepliaklqana was greatly pleased with you.
You visited 4 branches of the dungeon, and saw 18 of its levels.

You collected 1957 gold pieces.
You spent 60 gold pieces at shops.

Inventory:

Missiles
 J - 19 poisoned darts
 T - 3 boomerangs
 Z - 5 throwing nets
Armour
 e - a +2 cloak (worn)
 h - a +0 ring mail of willpower
 y - the +0 robe of Ycze (worn) {rC+ Int+2 Dex+3}
   (You found it on level 11 of the Dungeon)

   Int:       It affects your intelligence (+2).
   Dex:       It affects your dexterity (+3).
   rC:        It protects you from cold.
 W - a +0 buckler (worn)
 X - a scarf of shadows
Magical Staves
 u - a staff of earth
Jewellery
 j - a +6 ring of dexterity
 o - an amulet of faith
 A - a +6 ring of intelligence (right claw)
 B - the ring "Laicaq" (left claw) {+Blink rF+++ Int+6 Slay+4}
   (You found it on level 5 of the Lair of Beasts)

   [ring of slaying]

   Int:       It affects your intelligence (+6).
   Slay:      It affects your accuracy & damage with ranged weapons and melee
   (+4).
   rF:        It renders you almost immune to fire.
   +Blink:    It lets you blink.
 E - a +6 ring of strength
 K - a ring of willpower
Wands
 b - a wand of quicksilver (2)
 l - a wand of mindburst (9)
 p - a wand of polymorph (12)
 D - a wand of digging (9)
 I - a wand of iceblast (11)
 P - a wand of paralysis (6)
 V - a wand of flame (2)
Scrolls
 d - a scroll of poison {unknown}
 n - 5 scrolls of vulnerability
 q - a scroll of enchant armour
 r - 3 scrolls of identify
 s - 7 scrolls of teleportation
 t - a scroll of fear
 v - 2 scrolls of enchant weapon
 w - a scroll of brand weapon
 z - a scroll of acquirement
 F - 2 scrolls of fog
 H - 3 scrolls of blinking
 L - a scroll of amnesia
 M - 8 scrolls of noise
 N - 4 scrolls of magic mapping
 Y - a scroll of immolation
Potions
 c - 2 potions of cancellation
 i - 3 potions of brilliance
 k - a potion of berserk rage
 m - 5 potions of magic
 x - 3 potions of attraction
 C - 12 potions of curing
 G - 3 potions of degeneration {unknown}
 O - a potion of resistance
 Q - 2 potions of mutation {unknown}
 R - 3 potions of flight {unknown}
 S - 5 potions of ambrosia {unknown}
 U - 6 potions of haste {unknown}
Miscellaneous
 f - a box of beasts
 g - a condenser vane


   Skills:
 - Level 8.0 Fighting
 - Level 2.0 Dodging
 - Level 3.0 Stealth
 - Level 5.0 Shields
 - Level 12.0 Unarmed Combat
 * Level 4.7 Spellcasting
 - Level 4.0 Conjurations
 * Level 15.2 Ice Magic
 - Level 10.0 Invocations
 - Level 5.0 Evocations


You had one spell level left.
You knew the following spells:

 Your Spells              Type           Power      Damage    Failure   Level
a - Magic Dart            Conj           100%       1d8       1%          1
b - Frozen Ramparts       Ice            100%       1d16      1%          3
c - Ozocubu's Refrigerat  Ice            40%        4d16      12%         7
h - Hailstorm             Conj/Ice       61%        3d13      1%          3
o - Ozocubu's Armour      Ice            80%        N/A       1%          3
r - Searing Ray           Conj           64%        2d6       2%          2
z - Freeze                Ice            100%       1d10      0%          1

Your spell library contained the following spells:

 Spells                   Type           Power      Damage    Failure   Level
 Necrotise                Necr           28%        1d5       8%          1
 Slow                     Hex            28%        N/A       8%          1
 Dazzling Flash           Conj/Hex       38%        N/A       10%         3
 Confusing Touch          Hex            7%         N/A       22%         3
 Inner Flame              Hex/Fire       7%         N/A       22%         3
 Vampiric Draining        Necr           7%         2d6       22%         3
 Flame Wave               Conj/Fire      19%        2d7       32%         4
 Fulminant Prism          Conj/Hex       9%         3d7       32%         4
 Iskenderun's Mystic Bla  Conj/Tloc      19%        2d6       32%         4
 Sticky Flame             Conj/Fire      19%        2d4       32%         4
 Iskenderun's Battlesphe  Conj           32%        2d8       36%         5
 Simulacrum               Ice/Necr       26%        N/A       45%         6
 Petrify                  Tmut/Erth      7%         N/A       58%         4
 Fireball                 Conj/Fire      9%         3d6       65%         5
 Irradiate                Conj/Tmut      9%         3d14      65%         5
 Agony                    Necr           7%         N/A       90%         5
 Conjure Ball Lightning   Conj/Air       9%         3x3d6     99%         6
 Orb of Destruction       Conj           16%        9d7       100%        7
 Ice Form                 Ice/Tmut       Unusable   N/A       N/A         4
 Sublimation of Blood     Necr           Unusable   N/A       N/A         2

Dungeon Overview and Level Annotations

Branches:
Dungeon (11/15)            Temple (1/1) D:7            Lair (5/5) D:11
 Shoals (0/4) Lair:3       Spider (0/4) Lair:2        Slime (1/5) Lair:4
    Orc (0/2) D:10

Altars:
Ashenzari
Cheibriados
Dithmenos
Fedhas
Gozag
Hepliaklqana
Kikubaaqudgha
Makhleb
Nemelex Xobeh
Okawaru
Qazlal
Ru
Sif Muna
Trog
Uskayaw
Vehumet
Wu Jian
Xom
Yredelemnul

Shops:
D:4 !

Annotations:
D:7 exclusion: upstairs
Lair:4 exclusion: downstairs
Lair:5 exclusion: oklob plant


Innate Abilities, Weirdness & Mutations

Your life essence is reduced to manifest your ancestor. (-10% HP)
You are immune to poison.
You have sharp fingernails.
Your flesh is cold resistant. (rC+)
You are immune to negative energy. (rN+++)
You do not regenerate when monsters are visible.
You are immune to unholy pain and torment.
You thrive by killing the living.


Message History

You kill the elephant!
No target in view!
The frozen ramparts melt away as you move.
The elephant trumpets! x2
You see here an elephant corpse.
There are monsters nearby!
There are monsters nearby!
There are monsters nearby!
An elephant comes into view.
You block the elephant's attack. x2; The elephant tramples you!
You hold your ground!
The elephant trunk-slaps you.
You mangle the elephant!!
The elephant is moderately wounded.
The elephant tramples you!
You stumble backwards!
Ealdgyð hits the elephant with a +0 flail.
You are too injured to fight recklessly!
The elephant attacks as you move away! The elephant tramples you.
The elephant misses you.
You are too injured to fight recklessly!
Unknown command.
Casting: Frozen Ramparts (safe; 1% risk of failure)
Press: ? - help, Q - select action, (/) - cycle Dir - look around, f - activate The walls around you are covered in ice.
Ealdgyð hits the elephant with a +0 flail.
The wall freezes the elephant but does no damage. x2
The elephant tramples you!
You hold your ground!
The elephant trunk-slaps you but does no damage.
The wall freezes the elephant but does no damage.
Ealdgyð blocks the elephant's attack.
The elephant trunk-slaps Ealdgyð but does no damage.
Unknown command.
Casting: Frozen Ramparts (safe; 1% risk of failure)
Confirm with . or Enter, or press ? or * to list all spells.
A film of ice covers your body!
The wall freezes the elephant! x2
The elephant tramples you!
* * * LOW HITPOINT WARNING * * *
You hold your ground!
The elephant trunk-slaps you.
* * * LOW HITPOINT WARNING * * *
The wall freezes the elephant but does no damage.
The elephant barely misses Ealdgyð.
The elephant trunk-slaps Ealdgyð but does no damage.
Ealdgyð hits the elephant with a +0 flail!
Unknown command.
You feel better.
The wall freezes the elephant but does no damage.
The elephant tramples you!
* * * LOW HITPOINT WARNING * * *
You hold your ground!
The elephant closely misses you.
The wall freezes the elephant but does no damage.
The elephant tramples Ealdgyð but does no damage.
Ealdgyð blocks the elephant's attack.
The wall freezes the elephant!
Unknown command.
You feel better.
Ealdgyð hits the elephant but does no damage.
The wall freezes the elephant.
The wall freezes the elephant but does no damage.
The elephant closely misses Ealdgyð.
The elephant trunk-slaps Ealdgyð but does no damage.
The wall freezes the elephant but does no damage.
The elephant misses you. The elephant barely misses you.
You mangle the elephant!!
The elephant is heavily wounded.
The wall freezes the elephant!
The elephant misses you. The elephant closely misses you.
The wall freezes the elephant but does no damage.
The wall freezes the elephant!
The elephant tramples Ealdgyð!
Ealdgyð is shoved backwards!
Ealdgyð hits the elephant with a +0 flail!
You scratch the elephant.
The elephant is severely wounded.
The wall freezes the elephant.
The wall freezes the elephant but does no damage.
The elephant tramples you.
* * * LOW HITPOINT WARNING * * *
You hold your ground!
The elephant trunk-slaps you but does no damage.
The elephant tramples you!
* * * LOW HITPOINT WARNING * * *
You hold your ground!
The elephant trunk-slaps you but does no damage.
Unknown command.
As you read the scroll of fear, it crumbles to dust.
You assume a fearsome visage.
The elephant looks frightened!
The elephant resists with almost no effort.
The elephant looks frightened!
Ealdgyð hits the elephant with a +0 flail!
The wall freezes the elephant.
The wall freezes the elephant!
Your attack snaps the elephant out of its fear.
The elephant tramples you.
* * * LOW HITPOINT WARNING * * *
You hold your ground!
The elephant closely misses you.
Unknown command.
You scratch the elephant but do no damage.
The elephant is almost dead.
You scratch the elephant.
The elephant is almost dead.
The wall freezes the elephant!
The wall freezes the elephant but does no damage.
The elephant tramples you!
You die...

#.....###.÷...###....##
#†..###..÷......÷....#
.†###...8..#........##
.###.8.....##.....#.#
.###..÷...#.##...##.#
###..8..8..##...##♣.# #
#.....÷8....÷.#...# #
##[........8.##P†.# ##
##...8÷.8...#@.R.# .#
##|).....###YY.## P##
###.#####♣....# ..#
###.......Y## ....#
.P...÷..P## ..÷..
.......### ...##
P..P..# ..## #.P..# ###
#####


You could see the friendly Ealdgyð the knight and 3 elephants.

Vanquished Creatures
  5 hydras
  A catoblepas (Lair:5)
  A boulder beetle (D:11)
  An alligator (Lair:4)
  A two-headed ogre (D:11)
  A death yak (Lair:5)
  A deep troll shaman (Lair:5)
  A skyshark (Lair:5)
  Amaemon (Lair:3)
  A lindwurm (Lair:5)
  A swamp dragon (Lair:4)
  A cyclops (D:11)
  8 elephants
  A black mamba (Lair:5)
  A torpor snail (Lair:1)
  7 cane toads
  A rime drake (Lair:3)
  7 komodo dragons
  3 polar bears (Lair:5)
  4 blink frogs (Lair:1)
  A shadow (D:10)
  A vampire (D:11)
  2 spriggans (Lair:4)
  A wyvern (D:10)
  14 yaks
  A basilisk (D:11)
  A steam dragon (D:11)
  3 vampire mosquitoes (Lair:4)
  3 swamp worms (Lair:4)
  Menkaure (D:6)
  5 water moccasins
  6 orc warriors
  A sky beast (D:8)
  A swamp drake (Lair:4)
  A black bear (Lair:4)
  22 wolves
  5 centaurs
  2 kobold brigands
  11 bullfrogs
  3 scorpions
  2 gnoll sergeants
  4 wights
  6 killer bees (D:8)
  2 jellies (D:5)
  3 gnoll boudas
  5 orc priests
  A hound (D:5)
  3 sleepcaps
  An iguana (D:6)
  9 orc wizards
  19 gnolls
  7 adders
  An ufetubus (D:5)
  4 worms
  A dart slug (D:2)
  28 orcs
  5 ball pythons
  6 endoplasms
  2 giant cockroaches
  8 goblins
  4 hobgoblins
  3 jackals (D:1)
  11 kobolds
  A quokka (D:5)
  3 bats
  A frilled lizard (D:2)
  5 rats
278 creatures vanquished.

Vanquished Creatures (collateral kills)
  A centaur warrior (D:11)
  An alligator (Lair:4)
  2 death yaks (Lair:5)
  2 elephants (Lair:3)
  A merfolk siren (Lair:3)
  A black mamba (Lair:5)
  An orange demon (Lair:3)
  A cane toad (Lair:1)
  3 komodo dragons
  A rime drake (Lair:5)
  2 polar bears
  A blink frog (Lair:1)
  A vampire (D:11)
  A wyvern (D:11)
  A yak (Lair:1)
  A basilisk (D:11)
  A vampire mosquito (Lair:4)
  An acid dragon (D:11)
  2 water moccasins
  A swamp drake (Lair:4)
  A black bear (Lair:5)
  An orc warrior (D:10)
  3 wolves
  4 bullfrogs
  A scorpion (Lair:2)
  4 electric eels (D:10)
  An orc priest (D:10)
  7 orc wizards
  2 gnolls (D:9)
  A worm (Lair:2)
  10 orcs (D:10)
  2 giant cockroaches (Lair:2)
  A kobold (D:9)
64 creatures vanquished.

Vanquished Creatures (others)
  7 knights
  3 ancestors
  An orc (D:10)
  12 fungi
  31 plants
54 creatures vanquished.

Grand Total: 396 creatures vanquished

Notes
Turn   | Place    | Note
-------+----------+-------------------------------------------
     0 | D:1      | browni3141 the Ghoul Conjurer began the quest for the Orb.
     0 | D:1      | Reached XP level 1. HP: 14/14 MP: 2/2
   163 | D:1      | Reached XP level 2. HP: 23/23 MP: 3/3
   275 | D:1      | Learned a level 2 spell: Searing Ray
   490 | D:1      | Reached XP level 3. HP: 28/28 MP: 5/5
   660 | D:1      | Learned a level 1 spell: Freeze
  1274 | D:2      | Reached skill level 1 in Ice Magic
  1859 | D:3      | Reached XP level 4. HP: 20/35 MP: 6/6
  2138 | D:3      | Learned a level 3 spell: Frozen Ramparts
  2414 | D:4      | Found Epiov's Distillery.
  2422 | D:4      | Bought a potion of heal wounds for 60 gold pieces
  2506 | D:4      | Reached skill level 3 in Unarmed Combat
  3125 | D:4      | Reached skill level 2 in Ice Magic
  3283 | D:5      | Entered Level 5 of the Dungeon
  3425 | D:5      | Found a snail-covered altar of Cheibriados.
  3429 | D:5      | Noticed a centaur
  3440 | D:5      | Killed a centaur
  3441 | D:5      | Reached skill level 3 in Ice Magic
  3441 | D:5      | Reached XP level 5. HP: 10/41 MP: 2/7
  3525 | D:5      | Reached skill level 4 in Ice Magic
  3527 | D:5      | Reached XP level 6. HP: 37/48 MP: 1/8
  3803 | D:5      | Reached skill level 5 in Ice Magic
  3948 | D:5      | Reached skill level 3 in Spellcasting
  4202 | D:5      | Reached XP level 7. HP: 38/55 MP: 10/10
  4430 | D:5      | Found an ancient bone altar of Kikubaaqudgha.
  4438 | D:5      | Found a sparkling altar of Nemelex Xobeh.
  5096 | D:6      | Noticed a yak
  5096 | D:6      | Noticed a yak
  5106 | D:6      | Noticed a yak
  5107 | D:6      | Killed a yak
  5107 | D:6      | Noticed a yak
  5111 | D:6      | Killed a yak
  5112 | D:6      | Reached skill level 6 in Unarmed Combat
  5112 | D:6      | Reached XP level 8. HP: 32/61 MP: 3/11
  5657 | D:6      | Noticed Menkaure
  5670 | D:6      | Killed Menkaure
  6105 | D:5      | Killed a yak
  6106 | D:5      | Reached skill level 3 in Fighting
  6106 | D:5      | Reached skill level 3 in Stealth
  6286 | D:6      | Killed a yak
  6287 | D:6      | Reached skill level 6 in Ice Magic
  6368 | D:6      | Reached XP level 9. HP: 56/71 MP: 9/12
  7243 | D:7      | Found a staircase to the Ecumenical Temple.
  7249 | D:7      | Identified the +4 rapier "Heuczuj" {elec, rF+}
  7257 | Temple   | Entered the Ecumenical Temple
  7257 | Temple   | Found a transporter.
  7257 | Temple   | Found a transporter.
  7259 | Temple   | Found a transporter.
  7259 | Temple   | Found a transporter.
  7287 | Temple   | Became a worshipper of Hepliaklqana the Forgotten
  7780 | D:7      | Reached skill level 7 in Ice Magic
  8125 | D:6      | Noticed a rust devil
  8125 | D:6      | Noticed a rust devil
  8228 | D:7      | Reached skill level 3 in Shields
  8551 | D:8      | Reached skill level 6 in Fighting
  8551 | D:8      | Reached skill level 8 in Ice Magic
  8597 | D:8      | Reached * piety under Hepliaklqana
  8852 | D:8      | Reached XP level 10. HP: 44/74 MP: 7/13
  9340 | D:8      | Reached skill level 3 in Invocations
  9595 | D:8      | Learned a level 3 spell: Hailstorm
 10142 | D:9      | Reached ** piety under Hepliaklqana
 10143 | D:9      | Remembered your ancestor Ealdgyð as a knight
 10758 | D:10     | Entered Level 10 of the Dungeon
 12252 | D:10     | Found a hide-covered altar of Uskayaw.
 12622 | D:10     | Found a staircase to the Orcish Mines.
 12802 | D:11     | Noticed a boulder beetle
 12819 | D:11     | Killed a boulder beetle
 13056 | D:11     | Noticed a two-headed ogre
 13313 | D:11     | Noticed a centaur warrior
 13370 | D:11     | Identified the +3 trident of Tortfeasance {vamp, rC+}
 13783 | D:11     | Identified a scroll of acquirement
 13852 | D:11     | Killed a centaur warrior
 13853 | D:11     | Reached skill level 9 in Unarmed Combat
 13853 | D:11     | Reached skill level 9 in Ice Magic
 13853 | D:11     | Reached XP level 11. HP: 78/82 MP: 10/14
 13913 | D:11     | Killed a two-headed ogre
 14018 | D:11     | Identified the +0 robe of Ycze {rC+ Int+2 Dex+3}
 14035 | D:11     | Reached *** piety under Hepliaklqana
 14172 | D:11     | Noticed a cyclops
 14201 | D:11     | Killed a cyclops
 14202 | D:11     | Reached skill level 6 in Invocations
 14791 | D:11     | Found a staircase to the Lair.
 14974 | D:11     | Learned a level 3 spell: Ozocubu's Armour
 15099 | Lair:1   | Entered Level 1 of the Lair of Beasts
 15229 | Lair:1   | Reached skill level 3 in Evocations
 15389 | Lair:1   | Noticed an eight-headed hydra
 15400 | Lair:1   | Killed an eight-headed hydra
 15433 | Lair:1   | Reached skill level 10 in Ice Magic
 16294 | Lair:2   | Noticed a five-headed hydra
 16297 | Lair:2   | Reached XP level 12. HP: 47/90 MP: 12/16
 16623 | Lair:2   | Found a hole to the Spider Nest.
 16718 | Lair:2   | Killed a five-headed hydra
 16832 | Lair:2   | Reached **** piety under Hepliaklqana
 17477 | Lair:3   | You fall into a shaft and drop 2 floors!
 17477 | Lair:5   | Entered Level 5 of the Lair of Beasts
 17494 | Lair:5   | Reached skill level 9 in Invocations
 17713 | Lair:5   | Noticed an eight-headed hydra
 17724 | Lair:5   | Killed an eight-headed hydra
 17784 | Lair:5   | Noticed a skyshark
 17819 | Lair:5   | Killed a skyshark
 17820 | Lair:5   | Reached skill level 12 in Unarmed Combat
 18579 | Lair:4   | Reached skill level 11 in Ice Magic
 18738 | Lair:4   | Noticed an alligator
 18740 | Lair:4   | Noticed a four-headed hydra
 18743 | Lair:4   | Noticed a six-headed hydra
 18875 | Lair:4   | Reached skill level 12 in Ice Magic
 18918 | Lair:4   | Reached XP level 13. HP: 73/96 MP: 19/19
 19472 | Lair:3   | Found a staircase to the Shoals.
 19725 | Lair:3   | Noticed Amaemon
 19730 | Lair:3   | Reached skill level 13 in Ice Magic
 19741 | Lair:3   | Killed Amaemon
 20491 | Lair:3   | Reached ***** piety under Hepliaklqana
 20729 | Lair:4   | Reached skill level 14 in Ice Magic
 21434 | Lair:4   | Found a staircase to the Slime Pits.
 22120 | Lair:4   | Found a staircase to the Slime Pits.
 22962 | Slime:1  | Entered Level 1 of the Pits of Slime
 22962 | Slime:1  | Noticed a great orb of eyes
 22962 | Slime:1  | Noticed an acid blob
 23313 | Lair:5   | Reached skill level 15 in Ice Magic
 23604 | Lair:5   | Identified the ring "Laicaq" {+Blink rF+++ Int+6 Slay+4}
 23618 | Lair:5   | Learned a level 7 spell: Ozocubu's Refrigeration
 23667 | Lair:5   | Slain by an elephant

Illustrated notes

Levels and vault maps discovered:
D:1:      dpeg_arrival_tiny_c, layout_basic, lemuel_flame_loot_1
D:2:      wander_river, layout_basic
D:3:      layout_loops_ring
D:4:      layout_gridville, serial_shops, shop
D:5:      layout_loops_ring, mainiacjoe_overflow_six_doors_small,
          amethyst_overflow_temple_binary, minmay_hedge_maze
D:6:      cheibrodos_iron_armory, layout_loops_ring, zin_statuary,
          serial_co_window_serial, co_window_paths_b, co_window_paths_a,
          co_window_of_opportunity_a, co_window_of_opportunity_a,
          co_window_paths_a, co_window_paths_c, co_window_of_opportunity_b,
          co_window_broadway_c, co_window_sun, glass_columns_a, glass_columns_c,
          glass_columns_a, glass_columns_a, glass_columns_b, uniq_menkaure
D:7:      layout_loops_ring, minmay_temple_entry_sparse_star
D:8:      layout_loops_ring
D:9:      layout_layer_cave, minmay_misc_feat_nine_boxes
D:10:     layout_cave_pools, mainiacjoe_overflow_alcove_4, erik_orc_2,
          nicolae_straight_to_the_point
D:11:     layout_basic, erik_lair_dragon
Temple:   hellmonk_temple_divided_pantheon
Lair:1:   layout_cave_shapes, serial_bayou_shore_b, grunt_megastairs_3,
          infiniplex_staircase_pool
Lair:2:   layout_gridlike, nicolae_spider_entry_non_spiders
Lair:3:   layout_regular_city, elwin_shoals_entry_rooms, lemuel_fruit_fields,
          uniq_amaemon
Lair:4:   onia_ninara_swampy_vault, layout_small_grid, slime_entry_1,
          grunt_forest_stairs_basic, forest_entry_grove
Lair:5:   grunt_lair_end_beastmaster, layout_hall_layers, lemuel_fruit_tree,
          grunt_megastairs_5
Slime:1:  layout_caves, cheibrodos_slime_lost_civilization_4

Skill      XL: |  1  2  3  4  5  6  7  8  9 10 11 12 13 |
---------------+----------------------------------------+-----
Fighting       | 1 2 3 6 7 8 |  8.0
Unarmed Combat | 1 2 3 6 8 9 10 12 | 12.0
Spellcasting   | 2 3 4 |  4.7
Ice Magic      | 1 3 4 5 6 8 9 10 12 15 | 15.2
Dodging        | 2 |  2.0
Stealth        | 3 |  3.0
Conjurations   | 4 |  4.0
Shields        | 4 5 |  5.0
Invocations    | 5 7 10 | 10.0
Evocations     | 1 4 5 |  5.0

Action                     |  1- 3 |  4- 6 |  7- 9 | 10-12 | 13-15 || total
---------------------------+-------+-------+-------+-------+-------++-------
  Melee: Unarmed           |    97 |    90 |   180 |   325 |   166 ||   858
         Punch             |       |     2 |     3 |       |       ||     5
   Cast: Magic Dart        |    31 |    41 |       |       |       ||    72
         Searing Ray       |       |     7 |     3 |       |       ||    10
         Freeze            |       |     2 |       |       |       ||     2
         Frozen Ramparts   |       |     3 |    42 |    62 |    21 ||   128
         Hailstorm         |       |       |       |    21 |     1 ||    22
         Ozocubu's Armour  |       |       |       |    13 |    14 ||    27
 Invoke: Ancestor Life: Kn |       |       |       |     1 |       ||     1
         Recall Ancestor   |       |       |       |     2 |       ||     2
         Transference      |       |       |       |     1 |     1 ||     2
         Ancestor Identity |       |       |       |     1 |       ||     1
         Idealise          |       |       |       |       |     2 ||     2
  Evoke: Wand              |       |       |       |     6 |       ||     6
         Condenser vane    |       |       |       |     1 |       ||     1
    Use: Scroll            |       |     5 |       |    16 |     3 ||    24
         Potion            |       |     3 |     2 |     3 |     2 ||    10
   Stab: Sleeping          |     2 |       |       |     4 |     2 ||     8
         Distracted        |       |       |       |     1 |     3 ||     4
         Confused          |       |       |       |     1 |       ||     1
         Petrified         |       |       |       |       |     2 ||     2
 Armour: Robe              |    21 |    25 |    16 |   103 |    45 ||   210
  Dodge: Dodged            |    55 |    65 |   106 |   208 |    94 ||   528
  Block: Buckler           |       |       |     7 |    81 |    32 ||   120
